 Dungeon Crawl Stone Soup version 0.31-a0-1-g4198be8af4 (webtiles) character file.

Game seed: 11524883757134045827

178 Jarnaxa the Magician (level 5, -3/42 HPs)
             Began as a Deep Elf Fire Elementalist on May 3, 2023.
             Killed by an exploding Ijyb (32 damage)
             ... ignited by their inner flame
             ... on level 5 of the Dungeon.
             The game lasted 00:08:14 (4832 turns).

Jarnaxa the Magician (Deep Elf Fire Elementalist)   Turns: 4832, Time: 00:08:15

Health: -3/42      AC: 22    Str:  5    XL:     5   Next: 32%
Magic:  8/14       EV:  2    Int: 22    God:
Gold:   239        SH:  0    Dex: 15    Spells: 4/13 levels left

rFire   . . .        (no weapon)
rCold   . . .        (no shield)
rNeg    . . .        a - melded +0 robe
rPois   +            (helmet currently unavailable)
rElec   .            (cloak currently unavailable)
rCorr   .            (gloves currently unavailable)
SInv    .            (boots currently unavailable)
Will    .....        (no amulet)
Stlth   ++           (no ring)
HPRegen 0.27/turn    (no ring)
MPRegen 0.14/turn

%: no passive effects
@: tree-form
A: stationary, stasis, torment immunity, boosted hp
a: no special abilities


You were on level 5 of the Dungeon.
You were a tree.
You visited 1 branch of the dungeon, and saw 5 of its levels.

You collected 239 gold pieces.

Inventory:

Missiles
 t - a throwing net
Armour
 a - a +0 robe (melded)
Jewellery
 j - a ring of poison resistance
 u - a ring of wizardry
 x - a +4 ring of slaying
Scrolls
 c - 4 scrolls of immolation
 f - 2 scrolls of teleportation {unknown}
 l - 3 scrolls of fog
 m - 2 scrolls of vulnerability {unknown}
 o - 2 scrolls of blinking {unknown}
 s - a scroll of amnesia {unknown}
 w - a scroll of enchant weapon {unknown}
Potions
 d - 2 potions of curing
 e - 2 potions of lignification {unknown}
 h - 3 potions of brilliance
 i - a potion of degeneration {unknown}
 k - 3 potions of cancellation
 n - 3 potions of heal wounds
 p - a potion of mutation {unknown}
 q - a potion of invisibility {unknown}
 r - a potion of flight {unknown}
 v - 2 potions of ambrosia {unknown}


   Skills:
 - Level 2.7 Dodging
 - Level 3.5 Stealth
 - Level 0.3 Unarmed Combat
 + Level 4.6 Spellcasting
 + Level 2.7 Conjurations
 + Level 4.5 Fire Magic


You had 4 spell levels left.
You knew the following spells:

 Your Spells              Type           Power      Damage    Failure   Level
a - Foxfire               Conj/Fire      84%        2x1d8     2%          1
b - Scorch                Fire           48%        2d7       2%          2
c - Inner Flame           Hex/Fire       15%        N/A       12%         3
d - Volatile Blastmotes   Fire/Tloc      30%        2d12      12%         3

Your spell library contained the following spells:

 Spells                   Type           Power      Damage    Failure   Level
 Apportation              Tloc           10%        N/A       11%         1
 Necrotise                Necr           20%        1d5       11%         1
 Summon Small Mammal      Summ           20%        N/A       11%         1
 Flame Wave               Conj/Fire      21%        2d8       24%         4
 Leda's Liquefaction      Hex/Erth       2%         N/A       71%         4
 Fireball                 Conj/Fire      10%        3d6       54%         5
 Silence                  Hex/Air        2%         N/A       96%         5


Dungeon Overview and Level Annotations

Branches:
Dungeon (5/15)
 Temple: D:4-7

Altars:

Shops:
D:1 =   D:3 (

Annotations:
D:5 Robin


Message History

Flames lash the hobgoblin.
The hobgoblin is severely wounded.
The hobgoblin's fire resistance burns away.
Ijyb hits you but does no damage. The hobgoblin hits you.
Casting: Scorch (safe; 2% risk of failure)
Confirm with . or Enter, or press ? or * to list all spells.
Flames lash the hobgoblin.
You kill the hobgoblin!
Ijyb hits you but does no damage.
The hobgoblin hits you but does no damage.
Casting: Scorch (safe; 2% risk of failure)
Confirm with . or Enter, or press ? or * to list all spells.
You don't have enough magic to cast this spell.
Magic courses through your body. Ijyb hits you but does no damage.
Robin hits you but does no damage.
Casting: Scorch (safe; 2% risk of failure)
Confirm with . or Enter, or press ? or * to list all spells.
Flames lash the hobgoblin.
You kill the hobgoblin!
Ijyb hits you but does no damage.
Robin flexes a bicep menacingly.
Robin hits you but does no damage.
Casting: Scorch (safe; 2% risk of failure)
Confirm with . or Enter, or press ? or * to list all spells.
Flames lash Robin.
Robin is heavily wounded.
Robin's fire resistance burns away.
The hobgoblin hits you.
Robin says, "My army is invincible!"
Robin hits you but does no damage. Ijyb hits you but does no damage.
Casting: Scorch (safe; 2% risk of failure)
Confirm with . or Enter, or press ? or * to list all spells.
Flames lash Ijyb.
Flame seeps out of Ijyb.
Ijyb is moderately wounded.
Ijyb's fire resistance burns away.
Ijyb is engulfed in blazing flames.
Ijyb explodes!
The fiery explosion engulfs the hobgoblin!!!
You kill the hobgoblin!
The fiery explosion engulfs you!!
Ouch! That really hurt!
You die...

.? # )..
.#....
###.#...
#...). ..
#§#g#....
#○.g.....
#♣#.#####
#<# .#
#.# ..
#<# .#
#.# # #..
#..# ##..
#..


You could see Robin (combustible) and a hobgoblin (strong).

Vanquished Creatures
  Ijyb (D:5)
  8 gnolls
  2 adders
  A worm (D:2)
  A dart slug (D:2)
  8 endoplasms
  6 giant cockroaches
  5 goblins
  11 hobgoblins
  6 kobolds
  4 quokkas
  7 ball pythons
  6 bats
  5 frilled lizards
  8 rats
79 creatures vanquished.

Vanquished Creatures (others)
  285 foxfires
285 creatures vanquished.

Grand Total: 364 creatures vanquished

Notes
Turn   | Place    | Note
-------+----------+-------------------------------------------
     0 | D:1      | Jarnaxa the Deep Elf Fire Elementalist began the quest for
                  | the Orb.
     0 | D:1      | Reached XP level 1. HP: 10/10 MP: 6/6
   176 | D:1      | Reached XP level 2. HP: 13/15 MP: 0/8
   263 | D:1      | Got the Anthology of the Glowing Sphinx
   846 | D:1      | Found Misos's Jewellery Emporium.
   906 | D:1      | Reached XP level 3. HP: 19/19 MP: 5/9
  1638 | D:2      | Noticed a shining eye
  1648 | D:2      | Found a faded altar of an unknown god.
  1651 | D:2      | Noticed a shining eye
  1651 | D:2      | Noticed a golden eye
  1651 | D:2      | Noticed a great orb of eyes
  2695 | D:2      | Learned a level 2 spell: Scorch
  2699 | D:2      | Learned a level 3 spell: Inner Flame
  2703 | D:2      | Learned a level 3 spell: Volatile Blastmotes
  2775 | D:3      | Reached XP level 4. HP: 24/24 MP: 9/11
  3075 | D:3      | Found Qajem's Antique Weapon Shop.
  3959 | D:4      | Reached XP level 5. HP: 16/28 MP: 5/13
  4816 | D:5      | Entered Level 5 of the Dungeon
  4819 | D:5      | Noticed Ijyb
  4822 | D:5      | Noticed Robin
  4832 | D:5      | Killed Ijyb
  4832 | D:5      | Killed by an exploding Ijyb... ignited by their inner flame

Illustrated notes

Levels and vault maps discovered:
D:1:      evilmike_arrival_crescent, layout_loops_ring, serial_shops,
          nicolae_shop_back_alley_shop, minmay_tromino_v7
D:2:      minmay_diamond_boxcup, layout_basic,
          hellmonk_ecumenical_altar_watching_god, dk_noncrumbling_3
D:3:      layout_loops_corners, serial_shops, shop, serial_park_tiny_2,
          minmay_misc_feat_secret_circle, chequers_decorated_corner
D:4:      layout_basic, chequers_serial_rivers_micro_a
D:5:      layout_loops_ring, fiery_altar_vehumet, serial_shops,
          nicolae_shop_window_shopping, nicolae_goblin_pals

Skill      XL: |  1  2  3  4 |
---------------+-------------+-----
Stealth        | 3 |  3.5
Fire Magic     | 4 |  4.5
Conjurations   | 2 |  2.7
Spellcasting   | 4 |  4.6
Dodging        | |  2.7
Unarmed Combat | |  0.3

Action                     |  1- 3 |  4- 6 || total
---------------------------+-------+-------++-------
  Melee: Unarmed           |    12 |     3 ||    15
   Cast: Foxfire           |   130 |    56 ||   186
         Scorch            |       |    12 ||    12
         Inner Flame       |       |     1 ||     1
    Use: Scroll            |       |     6 ||     6
         Potion            |       |     1 ||     1
 Armour: Robe              |     2 |     2 ||     4
         Skin              |       |    10 ||    10
  Dodge: Dodged            |    23 |    12 ||    35

Table legend: (Time is in decaauts)
 A = Elapsed time spent in this place.
 B = Non-inter-level travel time spent in this place.
 C = Inter-level travel time spent in this place.
 D = Time resting spent in this place.
 E = Time spent auto-exploring this place.
 F = Levels seen in this place.
 G = Mean time per level.
                   A        B        C        D        E       F      G
               +--------+--------+--------+--------+--------+-----+--------+
         Total |   4832 |   4705 |    127 |      2 |   4165 |   5 |  966.4 |
       Dungeon |   4832 |   4705 |    127 |      2 |   4165 |   5 |  966.4 |
               +--------+--------+--------+--------+--------+-----+--------+

Top non-repeatable levels by time:
     D:2: 1450 daAuts
     D:1: 1253 daAuts
     D:3: 1127 daAuts
     D:4: 984 daAuts
     D:5: 15 daAuts
